AoeStats
← nerostrife

Arabia

511121239Analyzed
2v2 RM · 4h ago on Oct 3, 2026· 41m 11s· 4 players
Game mode
Random Map
Map size
Medium (4 player)
Population
200
Speed
Normal
Resources
Standard
Victory
Conquest
Starting age
Dark Age
Ending age
Imperial Age
RankedLock teamsTeams togetherTeam positionsShared explorationLock speedFull tech treeHidden civsTurbo modeCheats
Victory
Defeat
🇩🇰 Tatars · Denmark
1117
+15
🇩🇰 Mongols · Denmark
1115
+16
🇨🇱 Huns · Chile
1119
-16
🇨🇱 Hindustanis · Chile
1104
-15
nerostrife
8:00 Loom
10:23 Feudal Age
10:50 Double-Bit Axe
19:34 Castle Age
18:01 Forging
17:45 Horse Collar
19:03 Bloodlines
19:43 Scale Barding Armor
20:31 Bow Saw
21:35 Iron Casting
21:59 Gold Mining
24:07 Wheelbarrow
26:16 Heavy Plow
27:47 Chain Barding Armor
27:58 Town Watch
33:59 Elite Skirmisher
37:24 Imperial Age
35:11 Hand Cart
35:39 Town Patrol
38:41 Conscription
39:32 Fletching
39:51 Padded Archer Armor
40:33 Ballistics
40:28 Bodkin Arrow
Dr.Hazo
7:17 Loom
7:35 Loom
10:00 Feudal Age
10:38 Double-Bit Axe
14:53 Scale Barding Armor
16:03 Forging
17:19 Horse Collar
22:35 Castle Age
22:23 Bloodlines
23:53 Iron Casting
23:39 Bow Saw
26:08 Wheelbarrow
26:18 Husbandry
27:51 Heavy Plow
35:39 Chain Barding Armor
35:51 Hand Cart
35:42 Elite Skirmisher
м0ммe.exe
8:34 Loom
12:14 Feudal Age
13:07 Double-Bit Axe
13:04 Horse Collar
18:47 Castle Age
17:36 Gold Mining
18:08 Fletching
18:18 Padded Archer Armor
18:38 Padded Archer Armor
20:07 Gold Shaft Mining
19:47 Bow Saw
19:38 Heavy Plow
21:11 Gold Shaft Mining
21:14 Bodkin Arrow
24:28 Wheelbarrow
27:03 Leather Archer Armor
30:03 Ballistics
29:56 Bloodlines
29:46 Husbandry
30:46 Stone Mining
37:49 Imperial Age
40:49 Chemistry
lille chef
7:12 Loom
9:27 Feudal Age
11:33 Double-Bit Axe
13:29 Fletching
13:50 Forging
19:00 Horse Collar
23:18 Castle Age
21:59 Scale Barding Armor
23:23 Gold Mining
24:35 Bloodlines
25:06 Iron Casting
25:01 Bow Saw
29:07 Wheelbarrow
37:50 Fletching
42:15 Imperial Age
40:41 Bodkin Arrow
41:53 Hand Cart
Connection lost

Rejoining the realm…

Still unreachable

The connection could not be restored.

Session expired

The server has moved on; the page needs a fresh start.